 Dungeon Crawl Stone Soup version 0.25-a0-949-gdd2af9e06e (webtiles) character file.

Game seed: 16950244496654626256, levelgen mode: deterministic

28564 kae the Severer (level 13, 0/123 HPs)
             Began as a Hill Orc Fighter on May 8, 2020.
             Was an Elder of Qazlal.
             Slain by a komodo dragon (20 damage)
             ... on level 3 of the Lair of Beasts.
             The game lasted 00:21:36 (18156 turns).

kae the Severer (Hill Orc Fighter)                 Turns: 18156, Time: 00:21:37

Health: 0/123      AC: 18    Str: 26    XL:     13   Next: 39%
Magic:  27/31      EV:  6    Int: 12    God:    Qazlal [****..]
Gold:   503        SH: 14    Dex: 10    Spells: 12/12 levels left

rFire    . . .     SeeInvis .   a - +1 war axe
rCold    + + .     Gourm    .   c - +0 kite shield
rNeg     . . .     Faith    .   C - +1 chain mail of the Hare {*Slow rElec MR+ Str+2} (curse)
rPois    +         Spirit   .   w - +1 helmet
rElec    +         Reflect  .   r - +1 cloak
rCorr    .         Harm     .   m - +0 pair of gloves
MR       +....                  d - +2 pair of boots
Stlth    ..........             K - amulet of the Louse {RegenMP rPois rC+ Int+4}
HPRegen  0.30/turn              z - ring of protection from cold
MPRegen  0.47/turn              x - ring of magical power

@: repel missiles
A: no striking features
a: Upheaval, Elemental Force, Renounce Religion


You were on level 3 of the Lair of Beasts.
You worshipped Qazlal.
Qazlal was greatly pleased with you.
You were not hungry.

You visited 2 branches of the dungeon, and saw 15 of its levels.

You collected 807 gold pieces.
You spent 304 gold pieces at shops.

Inventory:

Hand Weapons
 a - a +1 war axe (weapon)
 b - a +1 scimitar of flaming
Armour
 c - a +0 kite shield (worn)
 d - a +2 pair of boots (worn)
 m - a +0 pair of gloves (worn)
 q - a +0 plate armour
 r - a +1 cloak (worn)
 w - a +1 helmet (worn)
 C - the cursed +1 chain mail of the Hare (worn) {*Slow rElec MR+ Str+2}
   (You bought it in a shop on level 9 of the Dungeon)

   It affects your strength (+2).
   It insulates you from electricity.
   It affects your resistance to hostile enchantments.
   It may slow you when you take damage.
   It has a curse placed upon it.
 N - a +0 scale mail
Jewellery
 h - an uncursed ring of flight
 x - a ring of magical power (right hand)
 z - a ring of protection from cold (left hand)
 E - an uncursed ring of poison resistance
 K - the amulet of the Louse (around neck) {RegenMP rPois rC+ Int+4}
   (You found it on level 1 of the Lair of Beasts)

   [amulet of magic regeneration]

   It increases your magic regeneration.
   It affects your intelligence (+4).
   It protects you from cold.
   It protects you from poison.
Wands
 A - a wand of digging (8)
 B - a wand of clouds (6)
 H - a wand of scattershot (8)
 I - a wand of paralysis (18)
 L - a wand of random effects (16)
 O - a wand of flame (16)
 P - a wand of enslavement (5)
Scrolls
 e - 5 scrolls of teleportation
 k - 4 scrolls of identify
 l - 2 scrolls of magic mapping
 s - 2 scrolls of blinking
 t - 2 scrolls of enchant weapon
 y - 4 scrolls of remove curse
 F - a scroll of enchant armour
 Q - a scroll of holy word
 S - 2 scrolls of fear
Potions
 g - a potion of ambrosia
 i - 4 potions of brilliance
 j - 2 potions of resistance
 n - a potion of cancellation
 o - 6 potions of flight
 p - 4 potions of curing
 u - 3 potions of stabbing
 v - 5 potions of mutation
 G - a potion of might
 J - 2 potions of haste
 M - a potion of lignification
Comestibles
 f - 17 rations


   Skills:
 + Level 13.7 Fighting
 * Level 19.4 Axes
 - Level 3.2 Armour
 - Level 3.2 Shields
 + Level 13.0 Invocations


You had 12 spell levels left.
You didn't know any spells.
Your spell library contained the following spells:

 Spells                   Type           Power        Failure   Level  Hunger
 Magic Dart               Conj           #...         100%        1    ##.....
 Blink                    Tloc           N/A          100%        2    ###....
 Call Imp                 Summ           #.......     100%        2    ###....
 Slow                     Hex            #.......     100%        2    ###....
 Conjure Flame            Conj/Fire      #.......     100%        3    ####...
 Mephitic Cloud           Conj/Pois/Air  #.......     100%        3    ####...


Dungeon Overview and Level Annotations

Branches:
Dungeon (12/15)            Temple (0/1) D:6            Lair (3/6) D:9
  Swamp (0/4) Lair:3        Snake (0/4) Lair:3          Orc (0/2) D:9

Altars:
Ashenzari
Elyvilon
Fedhas
Gozag
Hepliaklqana
Kikubaaqudgha
Makhleb
Nemelex Xobeh
Qazlal
Ru
Trog
Uskayaw
Vehumet
Wu Jian

Shops:
D:6 :   D:7 }   D:9 [

Portals:
Trove: D:10 (give 4 potions of resistance)

Annotations:
D:3 1 runed translucent door, pickledwalnut's ghost, amateur MfIE
Lair:2 exclusion: oklob plant
Lair:3 Urug


Message History

* * * LOW HITPOINT WARNING * * *
The naga barely misses you. The naga constricts you.
You feel much better. You block the komodo dragon's attack.
The naga hits you with a +0 scimitar.
* * * LOW HITPOINT WARNING * * *
The naga constricts you.
You escape the naga's grasp.
You see here an elephant corpse.
Aiming: Upheaval
Press: ? - help, Dir - move target cursor, f - naga
Aim: a naga, wielding a +0 scimitar (almost dead)
A blizzard blasts the area with ice!
The blast of ice hits the naga!!
You kill the naga!
Qazlal accepts your kill.
The komodo dragon bites you but does no damage.
You slash the komodo dragon!
The komodo dragon is severely wounded.
The komodo dragon bites you!!
You die...

*,,**** *** ****,*,**,** ****
***,,*,***,*###..,,,***,,*****,,,
,,...,,.....,....,,,,,,,.,,,,,,,,
,.#..,*....##*...,*,,,,.^,,,,,,,,
,.....##....**#.###,,,...,,,*,**,
*.....,....#*##.#.##,....,*******
,#.....#...###.....#.....,,***,*,
,......#...P##.○○........,***,,,*
*#.........P##..@.#,,,,,,,***,,,,
*,,,,,*#<..###.l###*,,,,,,,**,,,,
**,,,,,#.....##)###*,,,,,,**,*,**
*****,*#...##.#)..#**************
,,,**###....:)...##*,,,,,******,*
,,,,......(...).##,,,,,,,,,**,,,,
,,,.............#,,,*,,,*,,,*,,,,
,,,.................*,>,*,,,,,,,,
,**#.'##.#.....(#...#,,,*,,,**,,,


You could see a komodo dragon.

Vanquished Creatures
  Erica (Lair:1)
  2 hydras
  2 ugly things (D:11)
  3 elephants (Lair:3)
  A black mamba (Lair:1)
  Maggie (Lair:2)
  6 orange demons (D:11)
  4 spiny frogs
  3 kobold demonologists (D:12)
  A rime drake (Lair:1)
  A komodo dragon (Lair:1)
  4 red devils (D:11)
  3 trolls
  8 blink frogs (Lair:3)
  10 hippogriffs
  Sigmund (D:3)
  A wyvern (D:10)
  A wraith (D:10)
  Eustachio (D:4)
  28 yaks
  A human (D:9)
  3 hogs (D:9)
  A basilisk (Lair:1)
  2 hungry ghosts
  3 swamp worms
  Menkaure (D:5)
  2 wargs (D:9)
  5 nagas (Lair:3)
  7 water moccasins
  7 porcupines
  6 black bears
  5 ice beasts
  4 phantoms
  5 orc warriors
  A necrophage (D:11)
  5 ogres
  A centaur (D:9)
  7 wolves
  6 crocodiles
  4 big kobolds (D:12)
  8 bullfrogs
  A gnoll sergeant (D:8)
  5 scorpions
  3 killer bees (D:11)
  7 howler monkeys
  6 wights
  An electric eel (Lair:1)
  4 crimson imps
  2 bullfrog zombies (D:5)
  A jelly (D:11)
  A centaur zombie (D:10)
  18 orc wizards
  6 orc priests
  3 hounds
  A bullfrog skeleton (D:12)
  5 iguanas
  6 worker ants
  A hound skeleton (D:9)
  A worker ant zombie (D:7)
  Robin (D:2)
  10 adders
  8 gnolls
  3 shadow imps
  An adder skeleton (D:5)
  A worm (D:5)
  2 dart slugs
  4 leopard geckos
  45 orcs
  A giant cockroach (D:1)
  18 goblins
  10 hobgoblins
  6 jackals
  5 quokkas
  7 bats
  6 frilled lizards
  8 kobolds
  A leopard gecko skeleton (D:4)
  8 rats
  A fungus (Lair:2)
384 creatures vanquished.

Vanquished Creatures (others)
  4 fungi (Lair:3)
  3 plants
  2 withered plants (D:3)
9 creatures vanquished.

Grand Total: 393 creatures vanquished

Notes
Turn   | Place    | Note
-------+----------+-------------------------------------------
     0 | D:1      | kae the Hill Orc Fighter began the quest for the Orb.
     0 | D:1      | Reached XP level 1. HP: 19/19 MP: 1/1
    61 | D:1      | Reached skill level 3 in Axes
    66 | D:1      | Reached XP level 2. HP: 27/27 MP: 2/2
   610 | D:1      | Reached skill level 4 in Axes
   658 | D:1      | Reached XP level 3. HP: 33/33 MP: 3/3
   927 | D:2      | Noticed Robin
   949 | D:2      | Killed Robin
  1156 | D:2      | Reached XP level 4. HP: 38/41 MP: 4/4
  1287 | D:2      | Found an opulent altar of Gozag.
  1289 | D:2      | Found a hazy altar of Hepliaklqana.
  1538 | D:2      | Reached skill level 5 in Axes
  2463 | D:3      | Found a blossoming altar of Fedhas.
  2507 | D:3      | Found a stormy altar of Qazlal.
  2522 | D:3      | Became a worshipper of Qazlal Stormbringer
  2828 | D:3      | Noticed Sigmund
  2848 | D:3      | Killed Sigmund
  2848 | D:3      | Reached skill level 5 in Fighting
  2848 | D:3      | Reached skill level 7 in Axes
  2848 | D:3      | Reached XP level 5. HP: 48/48 MP: 5/5
  2848 | D:3      | Reached XP level 6. HP: 56/56 MP: 6/6
  2899 | D:3      | Found a runed translucent door.
  2899 | D:3      | Noticed pickledwalnut's ghost (amateur MfIE)
  3747 | D:4      | Noticed a phantom
  3788 | D:4      | Killed a phantom
  3788 | D:4      | Reached skill level 8 in Axes
  3788 | D:4      | Reached XP level 7. HP: 48/63 MP: 7/7
  4022 | D:4      | Noticed Eustachio
  4042 | D:4      | Killed Eustachio
  4042 | D:4      | Reached skill level 9 in Axes
  4664 | D:5      | Entered Level 5 of the Dungeon
  4955 | D:5      | Reached XP level 8. HP: 64/73 MP: 8/8
  5004 | D:5      | Reached skill level 10 in Axes
  5227 | D:5      | Found a sparkling altar of Nemelex Xobeh.
  5241 | D:5      | Reached * piety under Qazlal
  5268 | D:5      | Noticed Menkaure
  5279 | D:5      | Killed Menkaure
  5279 | D:5      | Reached skill level 1 in Invocations
  5328 | D:5      | Found a burning altar of Makhleb.
  5966 | D:6      | Found an ancient bone altar of Kikubaaqudgha.
  5994 | D:6      | Reached skill level 11 in Axes
  6176 | D:6      | Found a hide-covered altar of Uskayaw.
  6526 | D:6      | Found Uhesup's Book Shoppe.
  6652 | D:6      | Found a staircase to the Ecumenical Temple.
  6844 | D:7      | Found Oqeisut's Gadget Emporium.
  6858 | D:7      | Reached XP level 9. HP: 81/81 MP: 11/11
  7021 | D:7      | Found a white marble altar of Elyvilon.
  7042 | D:7      | Reached skill level 12 in Axes
  7057 | D:7      | You fall into a shaft and drop 2 floors!
  7061 | D:9      | Found a radiant altar of Vehumet.
  7081 | D:9      | Found Ohomys Axti's Antique Armour Shop.
  7098 | D:9      | Reached skill level 5 in Invocations
  7108 | D:9      | Reached ** piety under Qazlal
  7209 | D:9      | Bought a bronze chain mail for 304 gold pieces
  7219 | D:9      | Identified the cursed +1 chain mail of the Hare {*Slow
                  | rElec MR+ Str+2} (You bought it in a shop on level 9 of the
                  | Dungeon)
  7300 | D:9      | You fall into a shaft and drop 3 floors!
  7520 | D:11     | Noticed an orange demon
  7542 | D:11     | Killed an orange demon
  7542 | D:11     | Reached skill level 13 in Axes
  7550 | D:11     | Noticed an orange demon
  7560 | D:11     | Noticed a red devil
  7561 | D:11     | Killed an orange demon
  7561 | D:11     | Reached XP level 10. HP: 67/91 MP: 9/15
  7587 | D:11     | Noticed an orange demon
  7659 | D:12     | Reached skill level 10 in Fighting
  7667 | D:12     | HP: 4/93 [orc warrior/+0 hand axe (8)]
  7688 | D:12     | Reached skill level 14 in Axes
  8403 | D:12     | Noticed a kobold demonologist
  8404 | D:12     | Noticed a kobold demonologist
  8406 | D:12     | Noticed a kobold demonologist
  8418 | D:12     | Killed a kobold demonologist
  8422 | D:12     | Killed a kobold demonologist
  8426 | D:12     | Killed a kobold demonologist
  8455 | D:12     | Reached skill level 15 in Axes
  8679 | D:12     | Noticed a six-headed hydra
  8685 | D:12     | Killed a six-headed hydra
  8685 | D:12     | Reached XP level 11. HP: 58/101 MP: 8/17
  9247 | D:11     | Noticed a cyan ugly thing
  9294 | D:10     | Entered Level 10 of the Dungeon
  9586 | D:10     | Found an opulent altar of Gozag.
  9818 | D:8      | Found a shattered altar of Ashenzari.
 10091 | D:8      | Found a sacrificial altar of Ru.
 10157 | D:8      | Reached *** piety under Qazlal
 10574 | D:7      | Found an ornate altar of the Wu Jian Council.
 10806 | D:7      | Found a bloodstained altar of Trog.
 11178 | D:9      | Reached skill level 16 in Axes
 11356 | D:9      | Found a staircase to the Lair.
 11627 | D:9      | Reached skill level 10 in Invocations
 11835 | D:9      | Found a staircase to the Orcish Mines.
 12973 | D:10     | Found a portal to a secret trove of treasure.
 12982 | D:10     | Reached skill level 17 in Axes
 12982 | D:10     | Reached XP level 12. HP: 112/112 MP: 18/20
 12988 | D:10     | Reached **** piety under Qazlal
 14818 | Lair:1   | Entered Level 1 of the Lair of Beasts
 14822 | Lair:1   | Reached skill level 18 in Axes
 14950 | Lair:1   | Got a crude copper amulet
 15116 | Lair:1   | Noticed Erica
 15137 | Lair:1   | Killed Erica
 16144 | Lair:2   | Noticed Maggie
 16148 | Lair:2   | Reached XP level 13. HP: 84/122 MP: 22/22
 16422 | Lair:2   | Killed Maggie
 16890 | Lair:2   | Identified the amulet of the Louse {RegenMP rPois rC+
                  | Int+4} (You found it on level 1 of the Lair of Beasts)
 17130 | Lair:3   | Reached skill level 19 in Axes
 17142 | Lair:3   | Noticed Urug
 18149 | Lair:3   | HP: 3/123 [naga/+0 scimitar (14)]
 18156 | Lair:3   | Slain by a komodo dragon

Levels and vault maps discovered:
D:1:      dpeg_arrival_three_same_balls, layout_basic
D:2:      cheibrodos_old_hovel, layout_basic,
          chequers_temple_overflow_statue_of_worship, uniq_robin
D:3:      layout_basic, fedhas_altar_2, lemuel_doored_altar,
          gammafunk_ghost_grave, minmay_misc_feat_chi, nrook_loot_triangle,
          uniq_sigmund
D:4:      layout_basic, first_ration, uniq_eustachio
D:5:      layout_cave_pods, old_standard_altar,
          nemelex_xobeh_ov_fountains_minmay, uniq_menkaure
D:6:      layout_gridville, eat_drink_and_be_merry_uskayaw,
          kiku_gazebo_pond_becter, minmay_temple_entry_hall, serial_shops,
          nicolae_shop_crystal
D:7:      layout_basic, nicolae_overflow_hidden_temple,
          nicolae_overflow_crystal_walls, serial_shops, shop, elyvilon_altar_5
D:8:      cheibrodos_iron_armory, layout_basic, kennysheep_mini_moat,
          evilmike_ruin_ashenzari
D:9:      layout_cave_pods, vehumet_crystals, minmay_lair_entry_grove,
          minmay_orc_entry_guard_dogs, serial_shops, shop, grunt_livestock
D:10:     layout_long_grid, enter_trove_2, basic_altar, nicolae_sextant
D:11:     layout_irregular_city, minmay_beelzebubs_servants
D:12:     layout_gridville, minmay_between
Lair:1:   statuecave_lemuel, layout_small_grid, minivault_27, uniq_erica
Lair:2:   layout_misc_corridors, hibernation_bobbens, uniq_maggie
Lair:3:   layout_regular_city, minmay_swamp_entry_worms,
          minmay_snake_entry_guardpost_medium, infiniplex_staircase_pool_2,
          uniq_urug

Skill      XL: |  1  2  3  4  5  6  7  8  9 10 11 12 13 |
---------------+----------------------------------------+-----
Axes           | 3 4 7 8 9 11 13 15 17 18 19 | 19.4
Fighting       | 4 5 6 7 8 9 10 12 13 | 13.7
Invocations    | 3 6 9 10 12 13 | 13.0
Armour         | |  3.2
Shields        | |  3.2

Action                   |  1- 3 |  4- 6 |  7- 9 | 10-12 | 13-15 || total
-------------------------+-------+-------+-------+-------+-------++-------
Melee: War axe           |   101 |   167 |   275 |   709 |   163 ||  1415
Invok: Upheaval          |       |       |     1 |    12 |     4 ||    17
Evoke: Wand              |       |       |     6 |     2 |     2 ||    10
  Use: Scroll            |     3 |       |    12 |    12 |     6 ||    33
       Potion            |       |     1 |     3 |     5 |     3 ||    12
 Stab: Confused          |       |       |       |     3 |       ||     3
       Paralysed         |       |       |       |       |     4 ||     4
  Eat: Chunk             |     1 |     8 |    11 |    16 |     3 ||    39
       Ration            |       |       |     1 |     4 |     1 ||     6
Armor: Scale mail        |    57 |    47 |       |       |       ||   104
       Skin              |       |     7 |    54 |       |       ||    61
       Plate armour      |       |    14 |   121 |       |       ||   135
       Chain mail        |       |       |    13 |   325 |    77 ||   415
Dodge: Dodged            |    39 |    36 |    42 |   100 |    44 ||   261
       Repelled          |       |       |       |     1 |     3 ||     4
Block: Kite shield       |    73 |    73 |   147 |   391 |   102 ||   786

Table legend:
 A = Non-vault XP
 B = Vault XP
 C = Vault XP percentage of total XP
 D = Non-vault monster count
 E = Vault monster count
 F = Vault count percentage of total count
                 A         B        C        D         E       F
            +---------+---------+-------+---------+---------+-------
      Total |   29243 |   11564 |  28.3 |     323 |      60 |  15.7
            +---------+---------+-------+---------+---------+-------
        D:1 |      34 |       0 |   0.0 |      21 |       0 |   0.0
        D:2 |      46 |      33 |  41.8 |      20 |      10 |  33.3
        D:3 |      57 |     227 |  79.9 |      16 |       1 |   5.9
        D:4 |     371 |     202 |  35.3 |      14 |       1 |   6.7
        D:5 |     629 |     169 |  21.2 |      16 |       1 |   5.9
        D:6 |     533 |       0 |   0.0 |      18 |       0 |   0.0
        D:7 |     884 |       0 |   0.0 |      14 |       0 |   0.0
        D:8 |     786 |       0 |   0.0 |      19 |       0 |   0.0
        D:9 |    1997 |    2930 |  59.5 |      25 |      20 |  44.4
       D:10 |    3776 |       0 |   0.0 |      37 |       0 |   0.0
       D:11 |    3998 |    3758 |  48.5 |      34 |      10 |  22.7
       D:12 |    4205 |     634 |  13.1 |      35 |       6 |  14.6
     Lair:1 |    4913 |     950 |  16.2 |      22 |       1 |   4.3
     Lair:2 |    2428 |    1544 |  38.9 |      13 |       3 |  18.8
     Lair:3 |    4586 |    1117 |  19.6 |      19 |       7 |  26.9
            +---------+---------+-------+---------+---------+-------
